 Dungeon Crawl Stone Soup version 0.25.1-2-g60ff931df9 (webtiles) character file.

Game seed: 13151444136015617357

12063 Chiseanne the Destroyer (level 11, 6/102 HPs)
             Began as a Demonspawn Wizard on Sept 30, 2020.
             Was a Priest of Vehumet.
             Quit the game on level 11 of the Dungeon.
             The game lasted 00:48:02 (17189 turns).

Chiseanne the Destroyer (Demonspawn Wizard)        Turns: 17189, Time: 00:48:03

Health: 6/102      AC: 25    Str: 12    XL:     11   Next: 57%
Magic:  0/26       EV:  2    Int: 30    God:    Vehumet [***...]
Gold:   646        SH:  0    Dex: 21    Spells: 20/32 levels left

rFire    . . .     SeeInvis .   a - +2 scimitar of Gozag's Delight {vorpal, Str+4 Int+7}
rCold    + . .     Gourm    .   (no shield)
rNeg     + + +     Faith    .   (armour currently unavailable)
rPois    +         Spirit   +   (helmet currently unavailable)
rElec    .         Reflect  .   (cloak currently unavailable)
rCorr    .         Harm     .   (gloves currently unavailable)
MR       .....     NoTele   +   (boots currently unavailable)
Stlth    +++.......             (no amulet)
HPRegen  0.27/turn              k - +6 ring of dexterity
MPRegen  0.20/turn              f - ring of protection from cold

@: tree-form
A: thin skeletal structure 2, magic shield, rot immunity
a: Renounce Religion


You were on level 11 of the Dungeon.
You worshipped Vehumet.
Vehumet was most pleased with you.
You were hungry.
You were a tree.
You visited 2 branches of the dungeon, and saw 13 of its levels.

You collected 646 gold pieces.

Inventory:

Hand Weapons
 a - the +2 scimitar of Gozag's Delight (weapon) {vorpal, Str+4 Int+7}
   (You found it on level 9 of the Dungeon)

   It inflicts extra damage upon your enemies.
   It affects your strength (+4).
   It affects your intelligence (+7).
 d - a +2 dagger of venom
 s - a +6 scimitar of flaming
 w - a +2 hunting sling of freezing
Missiles
 h - 10 boomerangs
 m - 70 sling bullets
 o - 2 throwing nets
 r - 96 bolts
 u - 106 arrows
 x - 30 poisoned darts (quivered)
 H - 8 silver javelins
Armour
 b - a +0 hat (melded)
 g - a +0 robe (melded)
 j - a +2 pair of boots (melded)
 q - a +2 cloak of poison resistance (melded)
Jewellery
 f - a ring of protection from cold (right branch)
 k - a +6 ring of dexterity (left branch)
 t - an uncursed ring of poison resistance
Wands
 C - a wand of flame (32)
Scrolls
 c - 2 scrolls of amnesia
 i - 3 scrolls of identify
 n - a scroll of summoning
 p - 5 scrolls of remove curse
 y - a scroll of teleportation
 D - a scroll of blinking
Potions
 e - a potion of flight
 l - a potion of haste
 v - 2 potions of stabbing
 z - a potion of ambrosia
Comestibles
 A - 19 rations
 E - 2 chunks of flesh


   Skills:
 - Level 1.7 Dodging
 - Level 1.7 Stealth
 * Level 11.1 Spellcasting
 * Level 11.6 Conjurations
 - Level 5.0 Summonings
 - Level 0.8 Translocations
 - Level 6.6 Poison Magic


You had 20 spell levels left.
You knew the following spells:

 Your Spells              Type           Power        Failure   Level  Hunger
a - Magic Dart            Conj           ####         1%          1    None
b - Searing Ray           Conj           ######       1%          2    None
c - Blink                 Tloc           N/A          3%          2    None
d - Mephitic Cloud        Conj/Pois/Air  ######..     1%          3    None
e - Summon Ice Beast      Ice/Summ       ####....     11%         4    None

Your spell library contained the following spells:

 Spells                   Type           Power        Failure   Level  Hunger
 Dazzling Flash           Conj/Hex       ######       1%          3    None
 Summon Small Mammal      Summ           ####         1%          1    None
 Call Imp                 Summ           #####...     1%          2    None
 Call Canine Familiar     Summ           #####...     1%          3    None
 Conjure Flame            Conj/Fire      ######..     1%          3    None
 Inner Flame              Hex/Fire       ###.....     2%          3    None
 Corona                   Hex            ###....      3%          1    None
 Summon Guardian Golem    Hex/Summ       ####....     3%          3    None
 Slow                     Hex            ###.....     4%          2    None
 Gell's Gravitas          Tloc           ###.......   7%          3    None
 Portal Projectile        Hex/Tloc       ###...       8%          3    None
 Confusing Touch          Hex            ###.....     10%         3    None
 Summon Lightning Spire   Summ/Air       ####....     11%         4    None
 Yara's Violent Unravell  Hex/Tmut       ###.......   22%         5    ###....
 Cause Fear               Hex            ###.......   30%         4    None
 Leda's Liquefaction      Hex/Erth       ###.......   30%         4    None
 Petrify                  Tmut/Erth      ###.....     30%         4    None
 Metabolic Englaciation   Hex/Ice        ###.......   65%         5    ###....


Dungeon Overview and Level Annotations

Branches:
Dungeon (12/15)            Temple (1/1) D:7            Lair (0/6) D:8
    Orc: D:9-12

Altars:
Ashenzari
Cheibriados
Dithmenos
Elyvilon
Fedhas
Gozag
Hepliaklqana
Kikubaaqudgha
Makhleb
Nemelex Xobeh
Okawaru
Qazlal
Ru
Sif Muna
Trog
Uskayaw
Vehumet
Wu Jian
Xom
Yredelemnul
Zin

Annotations:
D:2 2 transporters
D:7 Menkaure


Innate Abilities, Weirdness & Mutations

((You have a pair of horns on your head.))
You have a moderately thin skeletal structure. (Dex +4, Stealth+)
When hurt, damage is shared between your health and your magic reserves.
You are immune to rotting.


Message History

* * * LOW HITPOINT WARNING * * *
The nine-headed hydra bites you.
* * * LOW HITPOINT WARNING * * *
The nine-headed hydra bites you but does no damage. x3
The nine-headed hydra bites you.
* * * LOW HITPOINT WARNING * * *
The nine-headed hydra bites you!
* * * LOW HITPOINT WARNING * * *
The nine-headed hydra bites you but does no damage. x2
The nine-headed hydra bites you.
* * * LOW HITPOINT WARNING * * *
The nine-headed hydra completely misses you.
The nine-headed hydra bites you but does no damage. x2
The nine-headed hydra completely misses you.
The nine-headed hydra bites you!
* * * LOW HITPOINT WARNING * * *
The nine-headed hydra barely misses you.
The nine-headed hydra bites you but does no damage. x2
Okay, then.
Are you sure you want to abandon this character and quit the game? (Confirm with "yes".)

#...# #.###..###.......#
#####.#####.###..........#.######
......#........#.###.....#.......
.###....###.##.#.# ##############
.....#### #.##.#.# .##..#
#......# .....## ####.### ......#
#......# .##.#.# #.##.#♣#
.##.#.### #.##.#D# ........#
#.#..#.# .##.....# #.#.##.#
.##.....# #.#.##.# .##.....#
#.....># .##.....# ####.###
######### #.# #.#


You could see a nine-headed hydra.

Vanquished Creatures
  Erica (D:7)
  A two-headed ogre (D:9)
  Pikel (D:8)
  3 ugly things
  A cyclops (D:11)
  A centaur zombie (D:11)
  Joseph (D:7)
  2 gargoyles (D:11)
  A hornet (D:9)
  3 trolls
  2 hippogriffs
  A spriggan (D:8)
  Sigmund (D:5)
  Eustachio (D:6)
  A steam dragon (D:11)
  2 water moccasins
  Duvessa (D:7)
  An orc warrior (D:11)
  3 sky beasts
  An ice beast (D:11)
  2 necrophages
  4 phantoms
  2 ogres
  4 centaurs
  2 big kobolds
  A bullfrog (D:8)
  Dowan (D:7)
  2 scorpions
  46 killer bees
  3 wights (D:10)
  A howler monkey (D:5)
  5 crimson imps
  2 bullfrog zombies
  4 jellies
  A quasit (D:11)
  6 orc priests
  A bullfrog skeleton (D:7)
  4 hounds
  2 orc wizards
  A centaur skeleton (D:4)
  2 iguanas
  Natasha (thrice) (D:4)
  11 worker ants
  A howler monkey zombie (D:4)
  13 gnolls
  2 howler monkey skeletons
  17 adders
  2 shadow imps (D:5)
  An ooze (D:3)
  An adder skeleton (D:5)
  2 worms
  2 dart slugs
  4 leopard geckos
  30 orcs
  2 ball pythons
  8 giant cockroaches
  5 goblins
  9 hobgoblins
  3 quokkas
  7 bats
  3 frilled lizards
  12 kobolds
  5 rats
268 creatures vanquished.

Vanquished Creatures (collateral kills)
  A komodo dragon (D:10)
1 creature vanquished.

Vanquished Creatures (others)
  4 slaves (D:8)
  2 killer bees (D:8)
6 creatures vanquished.

Grand Total: 275 creatures vanquished

Notes
Turn   | Place    | Note
-------+----------+-------------------------------------------
     0 | D:1      | Chiseanne the Demonspawn Wizard began the quest for the
                  | Orb.
     0 | D:1      | Reached XP level 1. HP: 13/13 MP: 4/4
   276 | D:1      | Gained mutation: You have a pair of small horns on your
                  | head. [demonic ancestry]
   276 | D:1      | Reached XP level 2. HP: 11/19 MP: 1/6
   735 | D:1      | Learned a level 2 spell: Blink
  1316 | D:2      | Found a burning altar of Makhleb.
  1316 | D:2      | Found a sacrificial altar of Ru.
  1320 | D:2      | Found a transporter.
  1320 | D:2      | Noticed an ice beast
  1326 | D:2      | Noticed a scorpion
  1330 | D:2      | Found a transporter.
  1343 | D:2      | Gained mutation: You have a pair of horns on your head.
                  | [demonic ancestry]
  1343 | D:2      | Reached XP level 3. HP: 24/24 MP: 6/8
  1516 | D:2      | Found a basalt altar of Yredelemnul.
  1604 | D:2      | Found a faded altar of an unknown god.
  2301 | D:2      | Found a bloodstained altar of Trog.
  2450 | D:3      | Reached XP level 4. HP: 30/30 MP: 5/9
  2496 | D:2      | You fall into a shaft and drop 2 floors!
  2775 | D:2      | Learned a level 3 spell: Mephitic Cloud
  3136 | D:3      | Gained mutation: When hurt, damage is shared between your
                  | health and your magic reserves. [demonic ancestry]
  3136 | D:3      | Reached XP level 5. HP: 19/35 MP: 5/11
  3613 | D:4      | Noticed a phantom
  3670 | D:4      | Killed a phantom
  3838 | D:4      | Found an ornate altar of the Wu Jian Council.
  3840 | D:4      | Found a blossoming altar of Fedhas.
  3841 | D:4      | Found a shimmering blue altar of Sif Muna.
  3941 | D:4      | Noticed an ogre
  3963 | D:4      | Killed an ogre
  3963 | D:4      | Reached skill level 5 in Spellcasting
  3963 | D:4      | Reached XP level 6. HP: 41/41 MP: 1/13
  4084 | D:4      | Found a sparkling altar of Nemelex Xobeh.
  4146 | D:5      | Entered Level 5 of the Dungeon
  4385 | D:5      | Reached skill level 1 in Poison Magic
  4629 | D:5      | Found a shattered altar of Ashenzari.
  4646 | D:5      | Reached skill level 5 in Conjurations
  4646 | D:5      | Gained mutation: You have a somewhat thin skeletal
                  | structure. (Dex +2, Stealth) [demonic ancestry]
  4646 | D:5      | Reached XP level 7. HP: 46/46 MP: 7/15
  4781 | D:5      | Found a sacrificial altar of Ru.
  4818 | D:5      | Noticed Sigmund
  4833 | D:5      | Killed Sigmund
  5290 | D:4      | Noticed Natasha
  5297 | D:4      | Killed Natasha
  5601 | D:4      | Found an opulent altar of Gozag.
  5712 | D:4      | Noticed Natasha
  5715 | D:4      | Killed Natasha
  5881 | D:4      | Noticed Natasha
  5885 | D:4      | Killed Natasha
  5885 | D:4      | Reached XP level 8. HP: 52/52 MP: 15/17
  7065 | D:6      | Noticed Eustachio
  7078 | D:6      | Killed Eustachio
  7357 | D:7      | Found a shadowy altar of Dithmenos.
  7429 | D:7      | Reached skill level 5 in Poison Magic
  7451 | D:7      | Found a staircase to the Ecumenical Temple.
  7893 | D:7      | Noticed Joseph
  7914 | D:7      | Killed Joseph
  7914 | D:7      | Gained mutation: You have a moderately thin skeletal
                  | structure. (Dex +4, Stealth+) [demonic ancestry]
  7914 | D:7      | Reached XP level 9. HP: 8/57 MP: 0/20
  8236 | D:7      | Noticed Menkaure
  8244 | Temple   | Entered the Ecumenical Temple
  8309 | Temple   | Became a worshipper of Vehumet
  8616 | D:8      | Noticed Erica
  8687 | D:7      | Killed Erica
  8880 | D:7      | Noticed Duvessa
  8885 | D:7      | Learned a level 4 spell: Summon Ice Beast
  8885 | D:7      | Noticed Dowan
  8898 | D:7      | Killed Duvessa
  8903 | D:7      | Killed Dowan
  9728 | D:8      | Noticed Pikel
  9744 | D:8      | Killed Pikel
  9744 | D:8      | Gained mutation: You are immune to rotting. [demonic
                  | ancestry]
  9744 | D:8      | Reached XP level 10. HP: 43/63 MP: 9/22
 10531 | D:8      | Reached * piety under Vehumet
 10531 | D:8      | Offered knowledge of Shock by Vehumet.
 11703 | D:8      | Found a sparkling altar of Nemelex Xobeh.
 11753 | D:8      | Reached skill level 5 in Summonings
 11883 | D:8      | Found a staircase to the Lair.
 12117 | D:8      | Found an iron altar of Okawaru.
 12654 | D:9      | Noticed a two-headed ogre
 12670 | D:9      | Reached skill level 10 in Conjurations
 12685 | D:9      | Killed a two-headed ogre
 12685 | D:9      | Reached skill level 10 in Spellcasting
 12752 | D:9      | Reached ** piety under Vehumet
 12760 | D:9      | Offered knowledge of Searing Ray by Vehumet.
 12784 | D:9      | Learned a level 2 spell: Searing Ray
 12973 | D:9      | Got a bloodstained scimitar
 12982 | D:9      | Identified the +2 scimitar of Gozag's Delight {vorpal,
                  | Str+4 Int+7} (You found it on level 9 of the Dungeon)
 13116 | D:10     | Entered Level 10 of the Dungeon
 13336 | D:10     | Reached XP level 11. HP: 61/68 MP: 13/25
 13823 | D:10     | Found a glowing silver altar of Zin.
 14438 | D:11     | Noticed a cyan ugly thing
 14461 | D:11     | Killed a cyan ugly thing
 14791 | D:11     | Noticed a red ugly thing
 15220 | D:10     | Killed a red ugly thing
 15482 | D:11     | Offered knowledge of Dazzling Flash by Vehumet.
 15572 | D:11     | Noticed a purple ugly thing
 16790 | D:11     | Killed a purple ugly thing
 16971 | D:11     | Reached *** piety under Vehumet
 17163 | D:12     | Noticed a five-headed hydra
 17189 | D:11     | Chiseanne: oops
 17189 | D:11     | Quit the game

Illustrated notes

Levels and vault maps discovered:
D:1:      evilmike_arrival_hilbert_curve, layout_basic, minmay_fountain_box,
          minmay_misc_feat_room, minmay_heptomino_o4
D:2:      layout_loops_ring, old_standard_altar,
          gammafunk_temple_overflow_arena, lemuel_doored_altar,
          chequers_ecumenical_altar_lobes
D:3:      layout_rooms, first_ration, chequers_serial_rivers_micro_b
D:4:      layout_loops_ring, marbit_many_paths, grunt_temple_overflow_open,
          nemelex_spade_bored_becter, uniq_natasha
D:5:      layout_loops_ring, lemuel_round_altar,
          nicolae_ru_the_path_less_chosen, uniq_sigmund
D:6:      layout_rooms, uniq_eustachio
D:7:      layout_loops_ring, nicolae_tso_carved_into_rock,
          minmay_temple_entry_slanted, nicolae_dithmenos_the_darkroom,
          uniq_joseph, uniq_duvessa, uniq_menkaure
D:8:      wad_woods_minihive, layout_rooms, lemuel_crystal_altar,
          okawaru_gym_becter, the_bakery, uniq_pikel, uniq_erica
D:9:      layout_rooms
D:10:     layout_loops_cross, basic_altar, minmay_misc_feat_four_crosses
D:11:     layout_loops_cross
D:12:     minmay_the_grid_four_pointed_star
          [minmay_the_grid_triangle_9x9_limited_checkers,
          minmay_the_grid_triangle_9x9_minimal,
          minmay_the_grid_triangle_9x9_negative_grid,
          minmay_the_grid_triangle_9x9_warning,
          minmay_the_grid_prize_inner_circle], layout_long_grid, orc_0_dummy,
          due_unseen_surprise
Temple:   dpeg_three_leaves_temple

Skill      XL: |  1  2  3  4  5  6  7  8  9 10 11 |
---------------+----------------------------------+-----
Conjurations   | 2 3 4 5 7 8 10 11 | 11.6
Spellcasting   | 4 5 6 7 8 10 11 | 11.1
Poison Magic   | 1 3 5 6 |  6.6
Summonings     | 3 5 |  5.0
Dodging        | |  1.7
Stealth        | |  1.7
Translocations | |  0.8

Action                   |  1- 3 |  4- 6 |  7- 9 | 10-12 || total
-------------------------+-------+-------+-------+-------++-------
Melee: Unarmed           |    10 |       |       |       ||    10
       Mace              |     8 |    10 |       |       ||    18
       Headbutt          |       |     2 |    25 |    26 ||    53
       Long sword        |       |     6 |    58 |       ||    64
       Scimitar          |       |       |    36 |    23 ||    59
       Dagger            |       |       |       |    60 ||    60
 Fire: Hunting sling     |       |       |       |     4 ||     4
Throw: Boomerang         |       |     8 |     1 |     1 ||    10
       Dart              |       |       |    18 |    19 ||    37
 Cast: Magic Dart        |    87 |   142 |   237 |   328 ||   794
       Blink             |       |     3 |    13 |     9 ||    25
       Mephitic Cloud    |       |     2 |    35 |    43 ||    80
       Searing Ray       |       |       |       |    35 ||    35
       Summon Ice Beast  |       |       |       |    10 ||    10
Evoke: Wand              |       |    10 |    23 |    10 ||    43
  Use: Scroll            |     2 |       |    13 |    10 ||    25
       Potion            |       |       |     1 |     3 ||     4
 Stab: Sleeping          |       |     1 |       |     4 ||     5
       Confused          |       |       |    21 |     8 ||    29
       Paralysed         |       |       |     2 |     5 ||     7
  Eat: Chunk             |     4 |     7 |    12 |     6 ||    29
       Ration            |       |       |     1 |     5 ||     6
Armor: Robe              |    26 |    25 |    54 |    43 ||   148
       Skin              |       |       |       |    38 ||    38
Dodge: Dodged            |    29 |    39 |   129 |   153 ||   350
       Rpst.: Long sword |       |     6 |    14 |       ||    20
       Scimitar          |       |       |    20 |    45 ||    65
